 BcadrenCrawl: Boulder Brew version 0.04-3-g5ec7fb31a4 (webtiles) character file.

Game seed: 14226966534650978396, levelgen mode: deterministic

16 Chiseanne the Ducker (level 2, 18/19 HPs) Goblin Demonspawn. Began on Mar 21, 2021. Quit the game on level 1 of the Dungeon. The game lasted 00:00:10 (17 turns).

Chiseanne the Ducker (Goblin Demonspawn)              Turns: 17, Time: 00:00:11

Health: 18/19      AC:  3    Str:  8    XL:     2 ^: 6
Magic:  3/3        EV: 14    Int:  6    God:
Gold:   0          SH:  0    Dex:  6    Spells: 4/5 levels left

rFire    . . .     Vision   .   a - +0 long sword
rCold    . . .     Gourm    .   c - +0 whip
rNeg     . . .     Faith    .   b - +0 leather armour
rPois    .         Spirit   .   (helmet restricted)
rElec    .         Reflect  .   (no cloak)
rCorr    .         Harm     .   (no gloves)
MR       .....                  (no boots)
Stlth    +.........             (no amulet)
HPRegen  0.16/turn              (no ring)
MPRegen  0.13/turn              (no ring)

@: no status effects
A: small, stagnant stats, goblin's greed, antennae 1, low mp 1, mutation
resistance 1, god's pity 2
a: no special abilities


You were on level 1 of the Dungeon.
You were not hungry.

You visited 1 branch of the dungeon, and saw 1 of its levels.

Inventory:

Weapons
 a - a +0 long sword (weapon)
 c - a +0 whip (weapon)
Armour
 b - a +0 leather armour (worn)
Comestibles
 d - a ration


   Skills:
 * Level 2.1 Fighting
 - Level 2.6 Long Blades
 * Level 4.3 Dodging
 - Level 2.6 Stealth
 * Level 2.0 Spellcasting
 - Level 2.6 Fire Magic
   Level 4.0 Invocations


You had 4 spell levels left.
You knew the following spells:

 Your Spells              Type           Power        Failure   Level  Hunger
a - Flame Tongue          Fire           3 (30)       16%         1    ##.....

Your spell library contained the following spells:

 Spells                   Type           Power        Failure   Level  Hunger
 Conjure Flame            Fire           3 (100)      43%         3    ####...
 Blink                    Tloc           N/A          58%         2    ###....
 Call Imp                 Summ           0 (100)      58%         2    ###....
 Slow                     Hex            0 (100)      58%         2    ###....
 Mephitic Cloud           Pois/Air       0 (100)      82%         3    ####...


Dungeon Overview and Level Annotations

Branches:
Dungeon (1/8)

Altars:


Innate Abilities, Weirdness & Mutations

Your stats never grow through leveling.
Your goblin ancestry allows you to find more gold. (+20%)
You are small and have problems with some larger weapons.
You have a pair of small antennae on your head.
Your magical capacity is low. (-10% MP)
You are somewhat resistant to further mutation.
The pity of the gods increases the power of your passive and invoked divine abilities.


Message History

The giant cockroach bites you but does no damage.
The goblin hits you but does no damage.
The giant cockroach bites you but does no damage.
The goblin completely misses you (0).
The giant cockroach completely misses you (0).
The goblin closely misses you (0).
You riposte.
You hit the goblin (5).
You kill the goblin!
You closely miss the giant cockroach. You barely miss the giant cockroach.
The giant cockroach closely misses you (0).
You riposte.
You closely miss the giant cockroach. The giant cockroach bites you (1).
The giant cockroach closely misses you (0).
You riposte.
You slash the giant cockroach (7)!
You kill the giant cockroach!
Your Fighting skill increases to level 2!
Your Spellcasting skill increases to level 2!
You have reached level 2!
Your demonic ancestry asserts itself...
A pair of antennae grows on your head!
Are you sure you want to abandon this character and quit the game? (Confirm with "yes".)

##....##
#####......## .
+.....<.....# ..
#####......##
... ##....##
....### #...##
....... #..##
.......######.##
......†@....#'#
......†####...#
###.... #####
#.... #####


There were no monsters in sight!

Vanquished Creatures
  A giant cockroach (D:1)
  A goblin (D:1)
2 creatures vanquished.

Notes
Turn   | Place    | Note
-------+----------+-------------------------------------------
     0 | D:1      | Chiseanne the Goblin Demonspawn began the quest for the
                  | Orb.
     0 | D:1      | Reached XP level 1. HP: 13/13 MP: 2/2
    16 | D:1      | Gained mutation: You have a pair of small antennae on your
                  | head. [demonic ancestry]
    16 | D:1      | Reached XP level 2. HP: 18/19 MP: 3/3
    17 | D:1      | Quit the game

Levels and vault maps discovered:
D:1:      mrwooster_arrival_arrow, layout_basic

Skill      XL: |  1 |
---------------+----+-----
Fighting       | 2 |  2.1
Spellcasting   | 2 |  2.0
Long Blades    | |  2.6
Dodging        | |  4.3
Stealth        | |  2.6
Fire Magic     | |  2.6
Invocations    | |  4.0

Action                   || total
-------------------------++-------
Melee: Whip              ||     2
       Long sword        ||     2
Armor: Leather armour    ||     3
Dodge: Dodged            ||     6
       Rpst.: Long sword ||     3
